 Dungeon Crawl Stone Soup version 0.18.1-48-g4cf74bf (webtiles) character file.

2758 Wotyn the Covered (level 9, -4/81 HPs)
             Began as a Gargoyle Fighter on Sept 4, 2016.
             Was an Initiate of Trog.
             Killed by nerve-wracking pain
             ... invoked by an orc priest
              (12 damage)
             ... on level 8 of the Dungeon.
             The game lasted 00:26:33 (5338 turns).

Wotyn the Covered (Gargoyle Fighter)                Turns: 5338, Time: 00:26:33

Health: -4/81      AC: 19    Str: 26    XL:     9   Next: 69%
Magic:  15/15      EV: 12    Int: 12    God:    Trog [......]
Gold:   434        SH:  0    Dex: 16    Spells: 0 memorised, 16 levels left

rFire  . . .     SeeInvis .     i - +4 whip (flame)
rCold  + . .     Gourm    .     y - +2 scale mail {rC+}
rNeg   + . .     Faith    .     (no shield)
rPois  ∞         Spirit   .     q - +0 helmet
rElec  +         Dismiss  .     (no cloak)
rCorr  .         Reflect  .     k - +0 pair of gloves
SustAt .         Harm     .     v - +0 pair of boots
MR     .....                    j - amulet of rage
Stlth  ..........               o - +6 ring of dexterity
                                g - +2 ring of intelligence

@: berserking, very quick, not resistant to hostile enchantments, extremely
unstealthy
A: negative energy resistance 1, electricity resistance, unbreathing,
petrification resistance, rot immunity, AC +5
a: Burn Spellbooks, Renounce Religion, Evoke Berserk Rage


You were on level 8 of the Dungeon.
You worshipped Trog.
Trog was noncommittal.
You were not hungry.

You visited 2 branches of the dungeon, and saw 9 of its levels.

You collected 434 gold pieces.

Inventory:

Hand Weapons
 a - a +0 flail
 e - a +0 arbalest
 i - a +4 whip of flaming (weapon)
 s - a +0 whip of electrocution
Missiles
 t - 22 bolts
Armour
 c - a +0 shield
 k - a +0 pair of gloves (worn)
 q - a +0 helmet (worn)
 v - a +0 pair of boots (worn)
 y - a +2 scale mail of cold resistance (worn)
Jewellery
 g - a +2 ring of intelligence (left hand)
 j - an amulet of rage (around neck)
 o - a +6 ring of dexterity (right hand)
 p - an uncursed ring of ice
Wands
 u - a wand of disintegration (10/24)
 z - a wand of confusion (13/48)
 A - a wand of lightning (7/15)
 B - a wand of disintegration (14/24)
 C - a wand of polymorph (10/24)
Scrolls
 b - a scroll of immolation {unknown}
 d - a scroll of remove curse
 m - 4 scrolls of identify
 r - 2 scrolls of teleportation
Potions
 l - 5 potions of curing
 w - 2 potions of ambrosia {unknown}
 x - a potion of heal wounds {unknown}
Books
 f - a Grand Grimoire

   Spells                             Type                      Level
   a - Monstrous Menagerie            Summoning                    7
   b - Summon Greater Demon           Summoning                    7
   c - Malign Gateway                 Summoning/Translocation      7
   d - Summon Horrible Things         Summoning                    8
   Trog disapproves of the use of such an item.
Comestibles
 h - 6 fruits
 n - 2 meat rations
 D - a beef jerky


   Skills:
 + Level 5.4 Fighting
 * Level 6.0 Maces & Flails
 * Level 3.9 Crossbows
 + Level 6.4 Armour
 + Level 3.7 Dodging
 * Level 5.0 Stealth
 - Level 4.4 Shields
 - Level 4.1 Spellcasting
 + Level 1.2 Evocations


You had 16 spell levels left.
You didn't know any spells.

Dungeon Overview and Level Annotations

Branches:
Dungeon (8/15)             Temple (1/1) D:7
   Lair: D:8-11

Altars:
Ashenzari
Cheibriados
Dithmenos
Elyvilon
Fedhas
Gozag
Kikubaaqudgha
Makhleb
Nemelex Xobeh
Pakellas
Qazlal
Sif Muna
Trog
Vehumet
Xom
Yredelemnul
Zin
The Shining One

Annotations:
D:3 ThereIsNoGod's ghost, weakling MiGl


Innate Abilities, Weirdness & Mutations

You are resistant to torment.
Your stone body is resilient (AC +5).
You are immune to poison.
You resist negative energy.
You are resistant to electric shocks.
You can survive without breathing.
You are immune to petrification.
You are immune to rotting.


Message History

Wield which item (- for none, * to show all)? (? for menu, Esc to quit)
Your +4 whip of flaming bursts into flame!
i - a +4 whip of flaming (weapon)
The orc wizard shouts!
The warg bites you but does no damage.
An orc wizard comes into view. It is wielding a dagger.
You fail to use your ability.
The orc wizard shouts!
The warg howls!
The orc priest closely misses you. The warg barely misses you.
A red film seems to cover your vision as you go berserk!
You feel yourself moving faster!
You feel mighty!
The orc wizard gestures wildly while chanting.
The orc wizard blinks!
The warg closely misses you. The orc priest closely misses you.
An orc comes into view.
You barely miss the orc priest. The warg bites you!
* * * LOW HITPOINT WARNING * * *
The orc priest invokes the aid of Beogh against you.
Pain shoots through your body!
You die...

...........()†...).>####
............#).........#
...#...#....#..........#
.......................#
.###........##.........#
.###........##.........#
...+....###............#
.###...## #............#
.# #...# #.....@...(..#
.# #...# ......oh......#
.# ...# .......5.....##
.# .............# .#
...h#o.......# ...
......(......# .#.
.............#
..oo(...######


You could see 2 wargs, an orc warrior (wandering), an orc priest, an orc wizard,
a shadow imp and an orc.

Vanquished Creatures
  Pikel (D:4)
  Joseph (D:7)
  Sigmund (D:2)
  2 orc warriors
  An ogre (D:7)
  A centaur (D:7)
  A giant frog (D:6)
  A gnoll sergeant (D:7)
  A scorpion (D:4)
  A giant frog zombie (D:5)
  2 crimson imps
  A wasp zombie (D:7)
  3 hounds
  4 orc priests
  A giant frog skeleton (D:7)
  4 jellies
  8 orc wizards
  A centaur skeleton (D:7)
  4 iguanas
  3 worker ants (D:4)
  A hound zombie (D:7)
  2 hound skeletons
  A worker ant zombie (D:7)
  9 adders
  13 gnolls
  A shadow imp (D:8)
  7 oozes
  2 worms (D:4)
  A dart slug (D:2)
  5 giant geckos
  32 orcs
  3 giant cockroaches
  7 goblins
  9 hobgoblins
  2 quokkas
  3 ball pythons
  6 bats
  2 giant newts
  5 kobolds
  A quokka skeleton (D:4)
  6 rats
160 creatures vanquished.

Vanquished Creatures (others)
  An orc (D:4)
1 creature vanquished.

Grand Total: 161 creatures vanquished

Notes
Turn   | Place    | Note
--------------------------------------------------------------
     0 | D:1      | Wotyn the Gargoyle Fighter began the quest for the Orb.
     0 | D:1      | Reached XP level 1. HP: 14/14 MP: 1/1
    48 | D:1      | Reached XP level 2. HP: 15/19 MP: 2/2
   131 | D:1      | Reached skill level 1 in Stealth
   131 | D:1      | Reached XP level 3. HP: 21/23 MP: 3/3
   793 | D:2      | Noticed Sigmund
   800 | D:2      | Killed Sigmund
   800 | D:2      | Reached skill level 1 in Dodging
   800 | D:2      | Reached skill level 1 in Spellcasting
   800 | D:2      | Reached XP level 4. HP: 29/29 MP: 4/6
   800 | D:2      | Reached XP level 5. HP: 33/33 MP: 4/7
   882 | D:2      | Reached XP level 6. HP: 37/38 MP: 8/8
  1568 | D:3      | Noticed ThereIsNoGod's ghost (weakling MiGl)
  1697 | D:4      | Found a shimmering altar of Xom.
  1813 | D:4      | Reached XP level 7. HP: 30/43 MP: 10/10
  2019 | D:4      | Noticed Pikel
  2044 | D:4      | Killed Pikel
  2044 | D:4      | Reached skill level 5 in Armour
  2044 | D:4      | Reached XP level 8. HP: 20/48 MP: 10/12
  2452 | D:5      | Entered Level 5 of the Dungeon
  3280 | D:6      | Reached skill level 1 in Crossbows
  3450 | D:6      | Reached skill level 5 in Maces & Flails
  3676 | D:6      | Reached skill level 5 in Fighting
  4081 | D:7      | Reached skill level 1 in Evocations
  4081 | D:7      | Reached XP level 9. HP: 35/54 MP: 14/14
  4224 | D:7      | Noticed Joseph
  4236 | D:7      | Killed Joseph
  5034 | D:7      | Found a staircase to the Ecumenical Temple.
  5041 | Temple   | Entered the Ecumenical Temple
  5135 | Temple   | Became a worshipper of Trog the Wrathful
  5286 | D:8      | Reached skill level 5 in Stealth
  5338 | D:8      | Killed from afar by an orc priest

Skill      XL: |  1  2  3  4  5  6  7  8  9 |
---------------+----------------------------+-----
Stealth        | 1 2 3 4 5 |  5.0
Shields        | 4 |  4.4
Maces & Flails | 3 4 5 6 |  6.0
Dodging        | 1 2 3 |  3.7
Spellcasting   | 1 2 3 4 |  4.1
Armour         | 4 5 6 |  6.4
Fighting       | 4 5 |  5.4
Crossbows      | 2 3 |  3.9
Evocations     | 1 |  1.2

Action                   |  1- 3 |  4- 6 |  7- 9 || total
-------------------------+-------+-------+-------++-------
Melee: Flail             |    68 |       |       ||    68
       Whip              |    20 |    97 |   313 ||   430
 Fire: Arbalest          |       |       |   102 ||   102
 Abil: Evoke Berserk Rag |     1 |       |     3 ||     4
Evoke: Wand              |       |       |     2 ||     2
  Use: Scroll            |     1 |     4 |     5 ||    10
       Potion            |       |     1 |     9 ||    10
 Stab: Sleeping          |       |       |     2 ||     2
  Eat: Pizza             |       |     1 |       ||     1
       Bread ration      |       |     1 |     2 ||     3
       Chunk             |       |       |     2 ||     2
       Fruit             |       |       |     2 ||     2
Armor: Scale mail        |    72 |    32 |   198 ||   302
Dodge: Dodged            |    36 |    18 |   173 ||   227
Block: Shield            |    64 |    34 |   108 ||   206
